 Dungeon Crawl Stone Soup version 0.30.1-9-gdf580d7c3d (webtiles) character file.

Game seed: 6235265459218026011

239 fireball365 the Chopper (level 6, 0/79 HPs)
             Began as a Hill Orc Fighter on Oct 8, 2023.
             Slain by Terence
             ... wielding a +0 heavy flail
              (9 damage)
             ... on level 3 of the Dungeon.
             The game lasted 00:05:15 (2189 turns).

fireball365 the Chopper (Hill Orc Fighter)          Turns: 2189, Time: 00:05:16

Health: 0/79       AC: 23    Str: 21    XL:     6   Next: 7%
Magic:  6/6        EV:  2    Int:  8    God:
Gold:   149        SH:  4    Dex: 10    Spells: 5/5 levels left

rFire   . . .        a - +0 war axe
rCold   . . .        c - +0 buckler
rNeg    . . .        o - melded +1 plate armour
rPois   +            (helmet currently unavailable)
rElec   .            f - melded +0 cloak
rCorr   +            n - melded +0 pair of gloves
SInv    .            (boots currently unavailable)
Will    .....        (no amulet)
Stlth   +            b - ring of resist corrosion
HPRegen 0.33/turn    (no ring)
MPRegen 0.10/turn

%: no passive effects
@: tree-form (expiring)
A: stationary, stasis, torment immunity, boosted hp
a: no special abilities


You were on level 3 of the Dungeon.
You were a tree.
You visited 1 branch of the dungeon, and saw 4 of its levels.

You collected 149 gold pieces.

Inventory:

Hand Weapons
 a - a +0 war axe (weapon)
Missiles
 p - 6 atropa-tipped darts (quivered)
Armour
 c - a +0 buckler (worn)
 f - a +0 cloak (melded)
 n - a +0 pair of gloves (melded)
 o - a +1 plate armour (melded)
Jewellery
 b - a ring of resist corrosion (left branch)
 h - an amulet of faith
Scrolls
 g - a scroll of enchant weapon
 i - a scroll of immolation
Potions
 d - a potion of might
 e - a potion of mutation {unknown}
 k - a potion of lignification {unknown}


   Skills:
 + Level 4.4 Fighting
 + Level 5.5 Axes
 + Level 4.6 Armour
 + Level 0.7 Dodging
 + Level 4.0 Shields


You had 5 spell levels left.
You didn't know any spells.
Your spell library was empty.

Dungeon Overview and Level Annotations

Branches:
Dungeon (4/15)
 Temple: D:4-7

Altars:
Cheibriados

Shops:
D:1 ?

Annotations:
D:3 Terence


Message History

You cannot move.
You cannot move.
You cannot move.
You cannot move.
You cannot move.
You cannot move.
You cannot move.
You cannot move.
You cannot move.
You cannot move.
You cannot move.
You cannot move.
You cannot move.
You cannot move.
You cannot move.
You cannot move.
You cannot move.
You cannot move.
You cannot move.
You cannot move.
You cannot move.
You cannot move.
You cannot move.
You cannot move.
You block Terence's attack. Terence hits you but does no damage.
Terence screams, "I'm going to kill you!"
Terence hits you with a +0 heavy flail! You block Terence's attack.
You block Terence's attack. Terence hits you but does no damage.
Your transformation is almost over.
Terence hits you with a +0 heavy flail!
* * * LOW HITPOINT WARNING * * *
Terence says, "Don't bother to defend, it's senseless."
Terence hits you with a +0 heavy flail!
* * * LOW HITPOINT WARNING * * *
You block Terence's attack. Terence hits you with a +0 heavy flail!
You die...

....>.#### ####
.........# #...
......##.# #### #...
..######.# #..# #... .##
#.# #..# #... ## #.##
#..## ##... #
#..#####...# #>... ##
##.......#.###### ##<...
.# ##.....@♣.....[#
#..#.#
.#########.#############
###### ......@.........#
.#########.###### .# #.#
.# #.# .# #.# .# #.# .#
#.#


You could see Terence.

Vanquished Creatures
  A scorpion (D:4)
  A hound (D:4)
  Natasha (D:4)
  4 adders
  3 gnolls (D:4)
  A worm (D:2)
  2 dart slugs (D:2)
  An orc (D:3)
  5 endoplasms
  3 giant cockroaches
  3 goblins
  2 hobgoblins
  9 jackals
  2 kobolds
  4 ball pythons
  2 bats
  6 frilled lizards
  6 rats
56 creatures vanquished.

Vanquished Creatures (others)
  2 jackals (D:1)
2 creatures vanquished.

Grand Total: 58 creatures vanquished

Notes
Turn   | Place    | Note
-------+----------+-------------------------------------------
     0 | D:1      | fireball365 the Hill Orc Fighter began the quest for the
                  | Orb.
     0 | D:1      | Reached XP level 1. HP: 19/19 MP: 1/1
     6 | D:1      | Found Konud's Magic Scroll Shoppe.
   190 | D:1      | Reached XP level 2. HP: 27/27 MP: 2/2
   321 | D:1      | Reached skill level 3 in Axes
   362 | D:1      | Found a faded altar of an unknown god.
   815 | D:2      | Reached XP level 3. HP: 33/33 MP: 3/3
  1022 | D:2      | Reached skill level 4 in Axes
  1041 | D:2      | Reached XP level 4. HP: 16/40 MP: 4/4
  1669 | D:4      | Noticed Natasha
  1673 | D:4      | Noticed a scorpion
  1683 | D:4      | Killed Natasha
  1684 | D:4      | Reached XP level 5. HP: 31/46 MP: 5/5
  1691 | D:4      | Reached skill level 5 in Axes
  1898 | D:4      | Found a snail-covered altar of Cheibriados.
  1934 | D:4      | Reached XP level 6. HP: 37/53 MP: 6/6
  2118 | D:3      | Noticed Terence
  2189 | D:3      | Slain by Terence

Illustrated notes

Levels and vault maps discovered:
D:1:      minmay_arrival_checkered_box, layout_rooms,
          hellmonk_ecumenical_altar_blasted, serial_shops,
          nicolae_shop_hallway_stairs, lemuel_flame_loot_1
D:2:      layout_rooms, grunt_ministairs_3
D:3:      minmay_recursive_quarters, layout_rooms, uniq_terence
D:4:      layout_loops_ring, mainiacjoe_overflow_six_doors_small, uniq_robin,
          uniq_duvessa, uniq_natasha

Skill      XL: |  1  2  3  4  5 |
---------------+----------------+-----
Axes           | 3 4 5 |  5.5
Fighting       | 4 |  4.4
Armour         | 4 |  4.6
Shields        | 4 |  4.0
Dodging        | |  0.7

Action                     |  1- 3 |  4- 6 || total
---------------------------+-------+-------++-------
  Melee: War axe           |    80 |    90 ||   170
         Unarmed           |       |     3 ||     3
    Use: Scroll            |     1 |     2 ||     3
         Potion            |       |     3 ||     3
 Armour: Scale mail        |    61 |    13 ||    74
         Plate armour      |       |    45 ||    45
         Skin              |       |     2 ||     2
  Dodge: Dodged            |    53 |    34 ||    87
  Block: Buckler           |    31 |    28 ||    59
